 Dungeon Crawl Stone Soup version 0.30.1 (webtiles) character file.

Game seed: 15204430924907002111

19583 javelincjr the Covert (level 12, -1/85 HPs)
             Began as an Octopode Summoner on July 4, 2023.
             Was a Believer of Ashenzari.
             Shot with an arrow by a centaur (10 damage)
             ... on level 12 of the Dungeon.
             The game lasted 01:01:19 (10484 turns).

javelincjr the Covert (Octopode Summoner)          Turns: 10484, Time: 01:01:19

Health: -1/85      AC:  3    Str:  8    XL:     12   Next: 70%
Magic:  33/35      EV: 21    Int: 22    God:    Ashenzari [**....]
Gold:   822        SH:  0    Dex: 12    Spells: 21/31 levels left

rFire   + . .        e - +8 scimitar "Jifaow" {spect, rElec rF+ rC+ Stlth+}
rCold   + . .        H - crystal ball of Wucad Mu {*channel}
rNeg    . . .        p - +2 hat "Gaze Upon Infinity" {Alch, Self} (curse)
rPois   .            E - amulet of regeneration
rElec   +            d - ring of the Shackled Pleiades {MP+9, Comp, Bglg} (curse)
rCorr   .            g - ring of Ashenzari's Urgency {EV+5, Range, Melee} (curse)
SInv    +            v - ring of the Fated Failure {Fly, Self, Alch} (curse)
Will    +....        l - ring of willpower
Stlth   +++++++      (no ring)
HPRegen 1.14/turn    (no ring)
MPRegen 0.24/turn    (no ring)
                     (no ring)

%: channel magic (40%)
@: marked, flying
A: almost no armour, amphibious, 8 rings, camouflage 1, gelatinous body 1,
(nimble swimmer 1), tentacles
a: Renounce Religion, Shatter the Chains


You were on level 12 of the Dungeon.
You worshipped Ashenzari.
Ashenzari was pleased with you.
You visited 2 branches of the dungeon, and saw 13 of its levels.
You also visited: Bailey.

You collected 851 gold pieces.
You spent 29 gold pieces at shops.

Inventory:

Hand Weapons
 e - the +8 scimitar "Jifaow" (weapon) {spect, rElec rF+ rC+ Stlth+}
   (You found it on level 4 of the Dungeon)

   rF:        It protects you from fire.
   rC:        It protects you from cold.
   rElec:     It insulates you from electricity.
   Stlth:     It makes you more stealthy.
 s - a +0 vampiric whip
 x - a +1 spear of freezing
 B - a +0 broad axe of draining
 Q - a +1 dagger of draining
 W - the +0 hand axe "Wyif" {vamp, rCorr Stlth+}
   (You found it on level 10 of the Dungeon)

   rCorr:     It protects you from acid and corrosion.
   Stlth:     It makes you more stealthy.
Armour
 p - the cursed +2 hat "Gaze Upon Infinity" (worn) {Alch, Self}
   (You found it on level 3 of the Dungeon)

   It has a curse which improves the following skills: Alchemy: Poison Magic and
   Transmutations.
   Introspection: Fighting and Spellcasting.
 H - the crystal ball of Wucad Mu (worn) {*channel}
   (You found it in a bailey)

   *Channel:  It often returns the magic spent to cast spells, but lowers their
   success rate.
   It always returns the magic spent on miscasts.
 P - an orb of wrath
 S - a +0 buckler
Jewellery
 d - the cursed ring of the Shackled Pleiades (left tentacle) {MP+9, Comp, Bglg}
   (You found it on level 1 of the Dungeon)

   [ring of magical power]

   MP:        It affects your magic capacity (+9).
   It has a curse which improves the following skills: Companions: Summonings
   and Necromancy.
   Beguiling: Conjurations, Hexes and Translocations.
 g - the cursed ring of Ashenzari's Urgency (right tentacle) {EV+5, Range, Melee}
   (You found it on level 1 of the Dungeon)

   [ring of evasion]

   EV:        It affects your evasion (+5).
   It has a curse which improves the following skills: Ranged Combat: Ranged
   Weapons and Throwing.
   Melee Combat: Short Blades, Long Blades, Axes, Maces & Flails, Polearms,
   Staves and Unarmed Combat.
 l - a ring of willpower (on tentacle)
 v - the cursed ring of the Fated Failure (on tentacle) {Fly, Self, Alch}
   (You found it on level 5 of the Dungeon)

   [ring of flight]

   Fly:       It grants you flight.
   It has a curse which improves the following skills: Introspection: Fighting
   and Spellcasting.
   Alchemy:   Poison Magic and Transmutations.
 z - an amulet of the acrobat
 E - an amulet of regeneration (around mantle)
 M - an amulet of reflection
Wands
 k - a wand of paralysis (9)
 r - a wand of digging (8)
 J - a wand of roots (4)
 N - a wand of acid (6)
 Y - a wand of flame (12)
Scrolls
 b - 8 scrolls of amnesia
 c - 4 scrolls of teleportation
 m - 4 scrolls of noise
 n - 2 scrolls of enchant weapon
 o - 2 scrolls of fear
 q - 2 scrolls of vulnerability
 w - 2 scrolls of blinking
 y - 7 scrolls of identify
 A - 5 scrolls of immolation
 D - a scroll of torment
 F - 4 scrolls of enchant armour
 K - a scroll of magic mapping
 L - 2 scrolls of fog
 O - a scroll of silence
 U - a scroll of poison
 V - a scroll of brand weapon
Potions
 a - 5 potions of magic
 f - 9 potions of curing
 h - a potion of heal wounds
 i - a potion of might
 j - 3 potions of berserk rage
 t - 3 potions of lignification
 u - a potion of brilliance
 G - 3 potions of invisibility
 I - a potion of resistance
 R - a potion of flight
 T - a potion of mutation
 X - a potion of haste
 Z - 2 potions of cancellation


   Skills:
 + Level 7.5(9.3) Fighting
 + Level 7.8(9.0) Long Blades
 + Level 9.0 Dodging
 - Level 12.0 Stealth
 + Level 2.0 Shields
 + Level 8.3(10.1) Spellcasting
 + Level 9.6(10.7) Summonings
 + Level 3.8 Evocations


You had 21 spell levels left.
You knew the following spells:

 Your Spells              Type           Power      Damage    Failure   Level
a - Summon Small Mammal   Summ           100%       N/A       1%          1
b - Call Imp              Summ           100%       N/A       1%          2
c - Call Canine Familiar  Summ           55%        N/A       2%          3
d - Summon Lightning Spi  Summ/Air       34%        N/A       17%         4

Your spell library contained the following spells:

 Spells                   Type           Power      Damage    Failure   Level
 Summon Guardian Golem    Hex/Summ       35%        N/A       8%          3
 Necrotise                Necr           44%        1d6       17%         1
 Ensorcelled Hibernation  Hex/Ice        22%        N/A       22%         2
 Summon Cactus Giant      Summ           27%        N/A       26%         6
 Gell's Gravitas          Tloc           11%        N/A       36%         3
 Spider Form              Tmut/Pois      11%        N/A       36%         3
 Stone Arrow              Conj/Erth      22%        3d8       36%         3
 Teleport Other           Tloc           11%        N/A       36%         3
 Vampiric Draining        Necr           11%        2d6       36%         3
 Anguish                  Hex/Necr       5%         N/A       71%         4
 Monstrous Menagerie      Summ           27%        N/A       73%         7
 Agony                    Necr           11%        N/A       95%         5
 Dispersal                Tloc           5%         N/A       100%        6
 Lehudib's Crystal Spear  Conj/Erth      5%         10d3      100%        8
 Animate Armour           Summ/Erth      Unusable   N/A       N/A         4

Dungeon Overview and Level Annotations

Branches:
Dungeon (12/15)            Temple (1/1) D:4            Lair (0/5) D:10
    Orc (0/2) D:11         Bailey (visited)

Altars:
Ashenzari
Cheibriados
Dithmenos
Elyvilon
Fedhas
Gozag
Hepliaklqana
Kikubaaqudgha
Makhleb
Nemelex Xobeh
Okawaru
Qazlal
Ru
Sif Muna
Trog
Uskayaw
Vehumet
Wu Jian
Xom
Yredelemnul
Zin
The Shining One

Shops:
D:2 *   D:9 *

Portals:
Trove: D:10 (give 8 scrolls of blinking)


Innate Abilities, Weirdness & Mutations

You cannot wear most types of armour.
You are amphibious.
You can wear up to eight rings at the same time.
Your skin changes colour to match your surroundings (Stealth+).
Your rubbery body absorbs attacks. (AC +1, EV +1)
((You are camouflaged when in or above water. (Stealth+)))
You have tentacles for arms and can constrict up to eight enemies at once.


Message History

Your cerulean imp dies!
Your cerulean imp disappears in a puff of smoke!
The centaur shoots an arrow.
The arrow misses you.
Your wolf disappears in a puff of smoke!
A centaur comes into view.
The centaur shoots an arrow.
The arrow hits you!
The centaur moves out of view.
A centaur comes into view.
The centaur shoots an arrow.
Keep disrobing?
The arrow closely misses you.
The centaur shoots an arrow.
The arrow hits you!
The centaur wields a +0 shortbow.
The centaur shoots an arrow.
The arrow completely misses you.
The centaur shoots an arrow.
The arrow hits you.
The centaur shoots an arrow.
The arrow completely misses you.
You start removing your amulet.
You continue taking off your amulet of regeneration.
The centaur wields a +0 shortbow.
The centaur shoots an arrow.
The arrow hits you!
The centaur shoots an arrow.
The arrow barely misses you.
The centaur shoots an arrow.
The arrow barely misses you.
The centaur shoots an arrow.
The arrow closely misses you.
The centaur wields a +0 shortbow.
The centaur shoots an arrow.
The arrow hits you.
The centaur shoots an arrow.
The arrow misses you.
You continue taking off your amulet of regeneration.
The centaur shoots an arrow.
The arrow closely misses you.
The centaur wields a +0 shortbow.
The centaur shoots an arrow.
The arrow hits you!
The centaur shoots an arrow.
The arrow hits you!
The centaur shoots an arrow.
The arrow hits you.
The centaur shoots an arrow.
The arrow hits you.
* * * LOW HITPOINT WARNING * * *
The centaur shoots an arrow.
The arrow hits you.
* * * LOW HITPOINT WARNING * * *
You continue taking off your amulet of regeneration.
The centaur shoots an arrow.
The arrow completely misses you.
The centaur shoots an arrow.
The arrow hits you.
* * * LOW HITPOINT WARNING * * *
The centaur shoots an arrow.
The arrow hits you!
* * * LOW HITPOINT WARNING * * *
The centaur shoots an arrow.
The arrow barely misses you.
The centaur shoots an arrow.
The arrow hits you!
You die...

,,
#.....###########.
, ,,, #.....# , ,
,,, , #.....# ,, ,
* ,, #.....#,, ,
,, , ,#.....#, ,
,, *
..####+#.....# , ,
,.............+ **
,
.............####
,
.........@.......
* ,
.................
,
...........8.....
, , ,
..c...........$..
,
,..c.cc...........
, ,
.^..c....########
* , ,....##### , ,
.c. , ** *


You could see 6 centaurs and a friendly lightning spire (summoned).

Vanquished Creatures
  The ghost of croobank the Covert, a novice OpDe of Sif Muna (D:8)
  A cyclops (D:11)
  2 manticores (D:11)
  An unseen horror (D:11)
  3 unseen horror zombies (D:9)
  A komodo dragon (D:10)
  Maggie (D:6)
  2 kobold demonologists (Bailey)
  4 slime creatures (D:12)
  2 yaks (D:10)
  The ghost of Pepete the Conjurer, an amateur DECj (D:4)
  2 shadows
  A wraith (D:8)
  3 steam dragons
  2 acid dragons (D:10)
  7 water moccasins
  Duvessa (D:7)
  A hornet zombie (D:7)
  11 orc warriors
  3 black bears
  A sky beast (D:8)
  An ogre (D:5)
  A kobold brigand (D:10)
  4 bullfrogs
  2 gnoll sergeants
  4 scorpions
  19 wights
  Dowan (D:7)
  5 killer bees (D:9)
  3 electric eels (Bailey)
  4 howler monkeys
  2 bullfrog zombies (D:7)
  7 hounds
  7 centaur zombies
  2 jellies (D:5)
  3 orc priests
  A gnoll bouda (D:5)
  2 sleepcaps
  3 iguanas (D:5)
  10 orc wizards
  3 killer bee zombies
  9 gnolls
  4 howler monkey zombies (D:7)
  10 adders
  A shadow imp (D:6)
  2 ufetubi
  2 dart slugs
  29 orcs
  2 bats (D:1)
  4 endoplasms
  4 giant cockroaches
  12 goblins
  9 hobgoblins
  4 quokkas
  4 ball pythons
  4 frilled lizards
  10 kobolds
  4 rats
249 creatures vanquished.

Vanquished Creatures (collateral kills)
  2 two-headed ogres (D:9)
  Erica (D:11)
  A death knight (D:10)
  An ugly thing (D:11)
  A cyclops (D:11)
  2 unseen horror zombies
  2 trolls
  7 yaks
  Menkaure (D:7)
  5 orc warriors
  An ice beast (D:6)
  A sky beast (D:8)
  2 ogres
  A centaur (D:9)
  Blork the orc (D:4)
  A kobold brigand (D:8)
  A bullfrog (D:7)
  A gnoll sergeant (D:6)
  2 scorpions
  4 wights
  6 killer bees (D:9)
  An electric eel (Bailey)
  A howler monkey (D:10)
  A hound (D:5)
  A jelly (D:6)
  6 orc priests
  5 orc wizards
  11 gnolls
  2 adders (D:4)
  18 orcs
  2 endoplasms (D:1)
  4 giant cockroaches
  7 goblins
  6 hobgoblins
  8 kobolds
  2 quokkas (D:4)
  A ball python (D:4)
  2 bats
  3 rats
  A butterfly (D:4)
126 creatures vanquished.

Vanquished Creatures (others)
  A spectral weapon (D:9)
1 creature vanquished.

Grand Total: 376 creatures vanquished

Notes
Turn   | Place    | Note
-------+----------+-------------------------------------------
     0 | D:1      | javelincjr the Octopode Summoner began the quest for the
                  | Orb.
     0 | D:1      | Reached XP level 1. HP: 11/11 MP: 3/3
    96 | D:1      | Reached skill level 3 in Stealth
    96 | D:1      | Reached XP level 2. HP: 17/17 MP: 1/5
    99 | D:1      | Learned a level 2 spell: Call Imp
   624 | D:1      | Reached XP level 3. HP: 20/21 MP: 6/6
  1124 | D:1      | Found a faded altar of an unknown god.
  1692 | D:2      | Found Sexa's Assorted Antiques.
  2311 | D:3      | Reached XP level 4. HP: 27/27 MP: 7/7
  2317 | D:3      | Reached skill level 4 in Stealth
  2328 | D:3      | Learned a level 3 spell: Call Canine Familiar
  2390 | D:3      | Noticed an ogre
  2403 | D:3      | Killed an ogre
  2404 | D:3      | Reached XP level 5. HP: 31/31 MP: 9/9
  2809 | D:4      | Reached XP level 6. HP: 12/36 MP: 10/10
  2835 | D:4      | Reached skill level 5 in Stealth
  2943 | D:4      | Noticed Blork the orc
  2961 | D:4      | Killed Blork the orc
  2962 | D:4      | Reached skill level 5 in Summonings
  3061 | D:4      | Found a staircase to the Ecumenical Temple.
  3065 | D:4      | Found a runed translucent gate.
  3065 | D:4      | Found a runed translucent gate.
  3066 | D:4      | Found a runed translucent gate.
  3071 | D:4      | Found an opulent altar of Gozag.
  3074 | Temple   | Entered the Ecumenical Temple
  3098 | Temple   | Became a worshipper of Ashenzari the Shackled
  3196 | D:4      | Noticed Pepete's ghost (amateur DECj)
  3213 | D:4      | Identified the +8 scimitar "Jifaow" {spect, rElec rF+ rC+
                  | Stlth+}
  3391 | D:4      | Reached skill level 1 in Long Blades
  3391 | D:4      | Reached XP level 7. HP: 41/41 MP: 12/12
  3669 | D:4      | Reached skill level 6 in Stealth
  3674 | D:4      | Killed Pepete's ghost
  3794 | D:5      | Entered Level 5 of the Dungeon
  3935 | D:5      | Reached XP level 8. HP: 23/47 MP: 14/14
  3940 | D:5      | Reached skill level 1 in Fighting
  4074 | D:5      | Reached skill level 7 in Stealth
  4177 | D:5      | Reached skill level 5 in Dodging
  4256 | D:5      | Found a white marble altar of Elyvilon.
  4361 | D:5      | Reached skill level 5 in Spellcasting
  4403 | D:5      | Reached XP level 9. HP: 55/55 MP: 16/16
  4832 | D:6      | Reached skill level 8 in Stealth
  4937 | D:6      | Noticed Maggie
  4964 | D:6      | Killed Maggie
  5277 | D:6      | Reached * piety under Ashenzari
  5474 | D:6      | Reached skill level 9 in Stealth
  5479 | D:6      | Reached XP level 10. HP: 61/65 MP: 20/20
  5647 | D:7      | Found a flagged portal.
  5655 | Bailey   | Entered a bailey
  5823 | Bailey   | Identified a scroll of acquirement
  5827 | Bailey   | Acquired an amulet of regeneration
  5971 | Bailey   | Found the crystal ball of Wucad Mu {*channel}
  5975 | Bailey   | Identified the +0 robe of the Immovable Songs {Rampage}
  5984 | Bailey   | Found an iron altar of Okawaru.
  5984 | Bailey   | Noticed a kobold demonologist
  5984 | Bailey   | Noticed a kobold demonologist
  5991 | Bailey   | Killed a kobold demonologist
  5992 | Bailey   | Reached skill level 5 in Long Blades
  5994 | Bailey   | Killed a kobold demonologist
  6018 | Bailey   | Acquired Tynk's Catalogue of the Doomed Throng
  6025 | Bailey   | Learned a level 4 spell: Summon Lightning Spire
  6290 | D:7      | Reached skill level 5 in Fighting
  6344 | D:7      | Reached skill level 10 in Stealth
  6424 | D:7      | Found a shadowy altar of Dithmenos.
  6495 | D:7      | Noticed Duvessa
  6498 | D:7      | Noticed Dowan
  6510 | D:7      | Killed Dowan
  6515 | D:7      | Killed Duvessa
  6554 | D:7      | Noticed Menkaure
  6562 | D:7      | Killed Menkaure
  6600 | D:7      | Reached XP level 11. HP: 46/73 MP: 22/22
  6755 | D:7      | Found a sparkling altar of Nemelex Xobeh.
  7593 | D:8      | Found a runed translucent door.
  7958 | D:8      | Noticed croobank's ghost (novice OpDe)
  7958 | D:8      | Identified the +0 ring mail of the Guild-Master {+Blink
                  | Will- Dex-4 Slay+5}
  7983 | D:8      | Killed croobank's ghost
  7984 | D:8      | Reached skill level 11 in Stealth
  8168 | D:9      | Noticed a two-headed ogre
  8180 | D:9      | Killed a two-headed ogre
  8292 | D:9      | Noticed a two-headed ogre
  8300 | D:9      | Killed a two-headed ogre
  8309 | D:9      | Reached skill level 1 in Evocations
  8339 | D:9      | Found a blossoming altar of Fedhas.
  8411 | D:9      | Found Qorom's Assorted Antiques.
  8417 | D:9      | Bought a bubbling purple potion for 29 gold pieces
  8543 | D:9      | Found a basalt altar of Yredelemnul.
  8632 | D:10     | Entered Level 10 of the Dungeon
  8632 | D:10     | Noticed a death knight
  8658 | D:10     | Killed a death knight
  8659 | D:10     | Reached XP level 12. HP: 82/82 MP: 22/24
  8684 | D:10     | Found an iron altar of Okawaru.
  8686 | D:10     | Identified the +0 hand axe "Wyif" {vamp, rCorr Stlth+}
  8807 | D:10     | Found a portal to a secret trove of treasure.
  8843 | D:10     | Found a staircase to the Lair.
  8995 | D:10     | Found a sacrificial altar of Ru.
  8995 | D:10     | Found a faded altar of an unknown god.
  9002 | D:10     | Found a faded altar of an unknown god.
  9005 | D:10     | Found a shimmering altar of Xom.
  9007 | D:10     | Found a bloodstained altar of Trog.
  9586 | D:11     | Reached skill level 12 in Stealth
  9804 | D:11     | Found a staircase to the Orcish Mines.
  9865 | D:11     | Reached ** piety under Ashenzari
  9910 | D:11     | Reached skill level 1 in Shields
 10118 | D:11     | Noticed Erica
 10130 | D:11     | Killed Erica
 10484 | D:12     | Shot with an arrow by a centaur

Illustrated notes

Levels and vault maps discovered:
D:1:      sevenhm_arrival_forest_fort_small_6, layout_basic,
          ebering_ecumenical_altar_box
D:2:      layout_loops_ring, serial_shops, shop, corexii_corridor_pit
D:3:      layout_rooms, small_statue_alley_b
D:4:      layout_cave_pools, minmay_temple_entry_butterflies,
          ebering_ghost_gozag, serial_bayou_lake_a, uniq_blork_the_orc
D:5:      minmay_opposing_rooms, layout_cave_pools, elyvilon_altar_5
D:6:      layout_basic, grunt_ministairs_9, uniq_maggie
D:7:      layout_basic, mainiacjoe_overflow_catwalk, mainiacjoe_overflow_paths,
          enter_bailey_2, serial_undead, serial_undead_e, serial_undead_e,
          serial_undead_f, serial_undead_f, uniq_duvessa, uniq_menkaure
D:8:      layout_rooms, ebering_ghost_reflecting_pool
D:9:      layout_rooms, mainiacjoe_overflow_boulevard,
          nicolae_yredelemnul_corpse_copse, serial_shops,
          nicolae_shop_dealshenge
D:10:     layout_loops_ring, okawaru_ov_weapons_minmay,
          chequers_temple_overflow_minitemple, grunt_lair_entry_orc_guard_hut,
          enter_trove_3
D:11:     layout_roguey, erik_orc_3, kennysheep_generic_room_12, uniq_erica
D:12:     layout_irregular_city, billiards_dpeg
Temple:   dshaligram_water_room_temple

Skill      XL: |  1  2  3  4  5  6  7  8  9 10 11 12 |
---------------+-------------------------------------+-----
Stealth        | 3 4 5 6 7 9 10 11 12 | 12.0
Dodging        | 3 4 5 6 7 8 9 |  9.0
Spellcasting   | 3 4 5 6 7 8 |  8.3
Summonings     | 5 6 7 8 9 |  9.6
Long Blades    | 1 2 3 4 6 7 |  7.8
Fighting       | 2 4 5 6 7 |  7.5
Evocations     | 2 3 |  3.8
Shields        | 2 |  2.0

Action                     |  1- 3 |  4- 6 |  7- 9 | 10-12 || total
---------------------------+-------+-------+-------+-------++-------
  Melee: Unarmed           |    76 |       |       |       ||    76
         Constrict         |    26 |    10 |    36 |    76 ||   148
         Tentacles         |    25 |    11 |    29 |    88 ||   153
         Dagger            |    13 |    38 |       |       ||    51
         Punch             |     2 |     1 |       |     7 ||    10
         Scimitar          |       |    11 |   104 |   303 ||   418
   Cast: Summon Small Mamm |     6 |     7 |     6 |     5 ||    24
         Call Imp          |    20 |    10 |    19 |    34 ||    83
         Call Canine Famil |       |    10 |    21 |    38 ||    69
         Summon Lightning  |       |       |       |    17 ||    17
 Invoke: Curse Item        |       |       |     2 |     2 ||     4
    Use: Potion            |       |     1 |       |     1 ||     2
         Scroll            |       |     5 |     3 |     2 ||    10
   Stab: Sleeping          |     7 |     2 |     5 |    14 ||    28
         Distracted        |     1 |       |     3 |     5 ||     9
 Armour: Skin              |     7 |     2 |     5 |    17 ||    31
  Dodge: Dodged            |    56 |    44 |    87 |   283 ||   470
